Unix NetHack Version 3.7.0-83 Work-in-progress - last build Apr 28 2023 22:06:38 (2625824c38750939014cf799bb7ff71c9e9c2d48,branch:master). Game began 2023-05-04 15:07:57, ended 2023-05-04 16:22:39. MaestroSpook, neutral male human Monk ---------- ------ |........| |....| #.........| ------------- |....| ######|......^%.##########|...........| |.%..| # #------.--- #|F...........# -|---- # ## % #|...........|# ## ### # # |...........|# # ## # # #-...........|### # ## -----# # ###|...........| # # ------- #####.....# # # --|---------- # # |......######0|...| ## ### # % # |.....| # #|...| ##### # # ---%-- |.....| # |...| -------.- # ##-....| |.....-#### |...| |.....?@| ## |....| ------- |.>.| |.......|## |....| ----- |........# |....| --------- |<...| ------ MaestroSpook the Initiate St:17 Dx:16 Co:13 In:7 Wi:14 Ch:11 Neutral Dlvl:7 $:749 HP:0(48) Pw:30(30) AC:5 Xp:6/409 T:4009 Blind Latest messages: It misses! You hit it. It just misses! You hit it. It misses! You kill it! You can see again. The door opens. This door is locked. This door is locked. In what direction? As you kick the door, it crashes open! You descend the stairs. You climb up the stairs. You see here a raven corpse. You see here a rothe corpse. The paper golem misses! The water nymph zaps a steel wand! The paper golem is destroyed by the bolt of fire! The bolt of fire hits you! Your boots smoulder! The bolt of fire bounces! The bolt of fire hits you! Your gloves smoulder! You hear the wailing of the Banshee... You see a puff of smoke. The dust vortex engulfs you! Your lamp called magic goes out! You can't see in here! # Are you sure you want to pray? [yn] (n) You begin praying to Chih Sung-tzu. You finish your prayer. You feel that Chih Sung-tzu is well-pleased. You feel much better. You hit the dust vortex. You get expelled! You hear a nearby zap. The bolt of fire hits you! Your robe smoulders! Your spellbook of healing catches fire and burns! The bolt of fire hits you! Your robe smoulders further! Your brilliant blue potion boils and explodes! You yawn. Your dark potion boils and explodes! Your candle feels warm. Your lamp called magic feels warm. Your lamp called magic feels warm. You die... Inventory: Coins ('$') $ - 749 gold pieces Armor ('[') O - an uncursed +0 orcish helm (being worn) a - an uncursed burnt +2 pair of leather gloves (being worn) m - an uncursed burnt +0 pair of high boots (being worn) b - an uncursed very burnt +1 robe (being worn) Comestibles ('%') K - an uncursed food ration M - an uncursed tripe ration Scrolls ('?') s - a cursed scroll of enchant weapon I - an uncursed scroll of magic mapping o - an uncursed scroll of stinking cloud Potions ('!') X - an uncursed potion of polymorph Wands ('/') S - an uncursed wand of teleportation (0:3) Tools ('(') Q - an uncursed magic lamp (lit) R - an uncursed magic lamp (lit) Y - an uncursed mirror q - an uncursed partly used wax candle (lit) Gems/Stones ('*') l - an uncursed jade stone P - an uncursed worthless piece of blue glass W - an uncursed worthless piece of orange glass D - 2 uncursed worthless pieces of yellowish brown glass MaestroSpook the Monk's attributes: Background: You were an Initiate, a level 6 male human Monk. You were neutral, on a mission for Chih Sung-tzu who was opposed by Shan Lai Ching (lawful) and Huan Ti (chaotic). You were in the Dungeons of Doom, on level 7. You entered the dungeon 4009 turns ago. There was a full moon in effect when your adventure ended. You had 409 experience points, 231 more were needed to attain level 7. Basics: You had 0 out of 48 hit points. You had all 30 energy points (spell power). Your armor class was 5. Your wallet contained 749 zorkmids. Autopickup was on for '$%?!"=/*', with exceptions. Final Characteristics: Your strength was 17 (limit:18/100). Your dexterity was 16 (limit:18). Your constitution was 13 (limit:18). Your intelligence was 7 (limit:18). Your wisdom was 14 (limit:18). Your charisma was 11 (limit:18). Final Status: You were temporarily blind. You were not hungry. You were unencumbered. You were empty handed. You had basic skill with martial arts. Final Attributes: You were piously aligned. You were sleep resistant. You were poison resistant. You would have seen invisible when not blind. You were stealthy. You were guarded. You were fast. You were lucky. You are dead. Miscellaneous: You disabled loading of bones levels. Total elapsed playing time was 1 hour, 14 minutes and 41 seconds. Major events: Turn 1: MaestroSpook the neutral male human Monk entered the dungeon 926: entered the Gnomish Mines 2292: attained the rank of Novice (level 3) 3686: attained the rank of Initiate (level 6) 4009: killed by a bolt of fire zapped by a water nymph Vanquished creatures: 2 wolves a dingo a dust vortex a raven a mountain nymph 2 rock piercers 2 gnomish wizards a paper golem a floating eye 5 dwarves a hill orc 2 rothes a giant bat a wererat 2 acid blobs 3 hobbits a manes a large kobold a yellow mold 10 gnomes 3 geckos 3 jackals 2 foxes a kobold 5 goblins a grid bug a bat 6 newts 62 creatures vanquished. No species were genocided or became extinct. Voluntary challenges: You never hit with a wielded weapon. You read items or engraved 32 times. You engraved Elbereth 19 times. You never genocided any monsters. You never polymorphed an object. You never changed form. You used no wishes. Achievements: You entered the Gnomish Mines. You entered a shop. You attained the rank of Novice. You entered a temple. You attained the rank of Initiate. The Dungeons of Doom: levels 1 to 8 Level 1: "2 boxes" Many altars, a sink. Level 2: A fountain. Level 3: Stairs down to The Gnomish Mines. Level 4: "chest" An armor shop. Level 5: Level 6: A throne, a fountain, a sink. Level 7: <- You were here. Final resting place for you, killed by a bolt of fire zapped by a water nymph. Level 8: A fountain. The Gnomish Mines: levels 4 to 6 Level 4: Level 5: Level 6: Many shops, a temple, some fountains. Game over: ---------- / \ / REST \ / IN \ / PEACE \ / \ | MaestroSpook | | 749 Au | | killed by a bolt | | of fire zapped | | by a water nymph | | | | 2023 | *| * * * | * _________)/\\_//(\/(/\)/\//\/|_)_______ Goodbye MaestroSpook the Monk... You died in The Dungeons of Doom on dungeon level 7 with 2661 points, and 749 pieces of gold, after 4009 moves. You were level 6 with a maximum of 48 hit points when you died.